 Dungeon Crawl Stone Soup version 0.21-a0-401-g0b6bec4 (webtiles) character file.

1848 Monsterracer the Cleaver (level 9, 0/120 HPs)
             Began as a Hill Orc Earth Elementalist on Oct 24, 2017.
             Was an Initiate of Makhleb.
             Slain by a killer bee (3 damage)
             ... on level 7 of the Dungeon.
             The game lasted 00:16:46 (10900 turns).

Monsterracer the Cleaver (HOEE)                    Turns: 10900, Time: 00:16:47

Health: 0/120      AC: 24    Str: 14    XL:     9   Next: 12%
Magic:  11/11      EV:  2    Int: 15    God:    Makhleb [......]
Gold:   253        SH:  0    Dex: 11    Spells: 11/11 levels left

rFire    . . .     SeeInvis .   a - +1 hand axe
rCold    . . .     Gourm    .   (no shield)
rNeg     + + +     Faith    .   (armour currently unavailable)
rPois    +         Spirit   .   (helmet currently unavailable)
rElec    .         Reflect  .   (cloak currently unavailable)
rCorr    .         Harm     .   (gloves currently unavailable)
MR       +....     NoTele   +   (boots currently unavailable)
Stlth    ++........             (no amulet)
HPRegen  0.30/turn              k - ring of protection from magic
MPRegen  0.12/turn              c - +4 ring of evasion

@: tree-form
A: no striking features
a: Renounce Religion


You were on level 7 of the Dungeon.
You worshipped Makhleb.
Makhleb was noncommittal.
You were not hungry.
You were a tree.
You visited 2 branches of the dungeon, and saw 8 of its levels.
You also visited: Sewer.

You collected 253 gold pieces.

Inventory:

Hand Weapons
 a - a +1 hand axe (weapon)
 b - a +1 whip of freezing
Armour
 d - a +2 helmet (melded)
 g - a +0 scale mail (melded)
 m - a +0 ring mail of fire resistance
 w - a +0 shield
Jewellery
 c - a +4 ring of evasion (right branch)
 i - an uncursed ring of see invisible
 k - a ring of protection from magic (left branch)
Wands
 n - a wand of iceblast (8/15)
 y - a wand of acid (2/15)
 A - a wand of acid (6/15)
Scrolls
 e - a scroll of fear
 f - a scroll of enchant armour
 l - 4 scrolls of identify
 t - 2 scrolls of recharging
 u - 5 scrolls of enchant weapon
 x - 3 scrolls of remove curse
Potions
 h - 4 potions of heal wounds
 j - 3 potions of curing
 o - 3 potions of agility
 q - 3 potions of brilliance
 r - 3 potions of might
 v - a potion of lignification
Comestibles
 p - 2 meat rations
 s - a bread ration
 z - a chunk of flesh


   Skills:
 + Level 7.7 Fighting
 * Level 10.3 Axes
 + Level 5.0 Armour
 - Level 1.5 Dodging
 - Level 1.5 Stealth
 - Level 1.5 Spellcasting
   Level 0.6 Transmutations
   Level 3.0 Earth Magic
 + Level 1.5 Invocations


You had 11 spell levels left.
You didn't know any spells.

Dungeon Overview and Level Annotations

Branches:
Dungeon (7/15)             Temple (1/1) D:7

Altars:
Dithmenos
Elyvilon
Fedhas
Gozag
Kikubaaqudgha
Makhleb
Nemelex Xobeh
Qazlal
Ru
Trog
Vehumet
Wu Jian
Xom
Yredelemnul
Zin
The Shining One

Annotations:
D:5 Monsterracer's ghost, novice GnIE


Message History

The killer bee poisons you!
You take 5 damage, and have 38/80 hp.
You hit the killer bee but do no damage.
The killer bee is almost dead.
You feel sick. The killer bee misses you.
You take 1 damage, and have 37/80 hp.
Unknown command.
You miss the killer bee.
The killer bee is almost dead.
You feel sick. The killer bee barely misses you. The killer bee misses you.
You take 2 damage, and have 35/80 hp.
You miss the killer bee.
The killer bee is almost dead.
You feel sick. The killer bee stings you.
* * * LOW HITPOINT WARNING * * *
You take 5 damage, and have 30/80 hp.
Unknown command.
You slash the killer bee!
You kill the killer bee!
Makhleb accepts your kill.
Your life force feels restored.
Your Armour skill increases to level 5!
You feel sick. The killer bee stings you.
* * * LOW HITPOINT WARNING * * *
You take 2 damage, and have 28/80 hp.
Unknown command.
Your scale mail prevents you from hitting the killer bee.
The killer bee stings you.
* * * LOW HITPOINT WARNING * * *
You are more poisoned.
The killer bee poisons you!
You take 1 damage, and have 27/80 hp.
You closely miss the killer bee.
You feel sick. The killer bee closely misses you. x2
You take 2 damage, and have 25/80 hp.
Unknown command.
You miss the killer bee.
You feel sick. The killer bee barely misses you. The killer bee stings you.
* * * LOW HITPOINT WARNING * * *
You are lethally poisoned!
The killer bee poisons you!
You take 3 damage, and have 22/80 hp.
Unknown command.
You feel better. The killer bee barely misses you. x2
You regained 5 hp, and now have 27/80 hp.
You hit the killer bee but do no damage.
The killer bee stings you.
* * * LOW HITPOINT WARNING * * *
You take 4 damage, and have 23/80 hp.
Unknown command.
You closely miss the killer bee. The killer bee stings you.
* * * LOW HITPOINT WARNING * * *
The killer bee barely misses you.
You take 5 damage, and have 18/80 hp.
Unknown command.
You barely miss the killer bee. The killer bee barely misses you.
You hit the killer bee.
The killer bee is lightly wounded.
The killer bee stings you!
* * * LOW HITPOINT WARNING * * *
The killer bee misses you.
You take 8 damage, and have 10/80 hp.
Unknown command.
You turn into a tree.
Your +2 helmet melds into your body.
Your +0 scale mail melds into your body.
Your roots penetrate the ground.
The killer bee stings you but does no damage. x2
You now have 15/120 hp.
You closely miss the killer bee.
The killer bee is lightly wounded.
The killer bee stings you.
* * * LOW HITPOINT WARNING * * *
You miss the killer bee.
The killer bee is lightly wounded.
The killer bee stings you but does no damage.
The killer bee stings you.
* * * LOW HITPOINT WARNING * * *
You take 7 damage, and have 8/120 hp.
You barely miss the killer bee.
The killer bee is lightly wounded.
The killer bee barely misses you. The killer bee stings you.
* * * LOW HITPOINT WARNING * * *
You take 6 damage, and have 2/120 hp.
You slash the killer bee!
The killer bee is severely wounded.
The killer bee barely misses you.
Unknown command.
You miss the killer bee.
The killer bee is severely wounded.
The killer bee stings you but does no damage. x2
You hit the killer bee.
The killer bee is almost dead.
The killer bee stings you but does no damage.
You barely miss the killer bee.
The killer bee is almost dead.
The killer bee stings you but does no damage. x2
You completely miss the killer bee.
The killer bee is almost dead.
The killer bee stings you.
You die...

#######.########
#.......######
#.#..........#
#####.#.########.#
......#.# #.#
#####.#.# #.# #
#.... #.# ## #.....
#.# .. .....## #♣#
.# ###.## #y# .#
......y..y..#
.#################.#
..........# .$#
.####...#.# #.#
......#.#.# ...
.####...#.### ### ##
#.###...#


You could see 2 killer bees.

Vanquished Creatures
  Sigmund (D:4)
  Duvessa (D:4)
  A sky beast (D:5)
  2 phantoms
  An ogre (Temple)
  A crocodile (Sewer)
  3 centaurs
  A bullfrog (D:5)
  A gnoll sergeant (D:6)
  Dowan (D:4)
  A scorpion (D:4)
  2 killer bees (D:7)
  3 wights (Temple)
  A crimson imp (D:4)
  A bullfrog zombie (D:7)
  Ijyb (D:4)
  An orc wizard (D:5)
  4 worker ants
  Robin (D:2)
  8 adders
  5 gnolls
  A river rat (D:6)
  A shadow imp (D:5)
  An ooze (D:1)
  5 worms
  3 dart slugs
  4 leopard geckos (D:1)
  4 orcs
  3 ball pythons
  4 bats
  6 giant cockroaches
  20 goblins
  9 hobgoblins
  2 jackals (Sewer)
  9 kobolds
  4 frilled lizards
  A leopard gecko skeleton (D:4)
  7 rats
125 creatures vanquished.

Notes
Turn   | Place    | Note
-------+----------+-------------------------------------------
     0 | D:1      | Monsterracer the Hill Orc Earth Elementalist began the quest for the Orb.
     0 | D:1      | Reached XP level 1. HP: 14/14 MP: 3/3
   114 | D:1      | Reached skill level 1 in Fighting
   172 | D:1      | Reached XP level 2. HP: 20/24 MP: 0/4
   994 | D:1      | Reached XP level 3. HP: 31/31 MP: 0/5
  1512 | D:2      | Found a glowing silver altar of Zin.
  1648 | D:2      | Found a radiant altar of Vehumet.
  1648 | D:2      | Noticed Robin
  1830 | D:2      | Reached XP level 4. HP: 40/40 MP: 6/6
  2114 | D:2      | HP: 14/41 [Robin/mace (7)]
  2332 | D:2      | Killed Robin
  2599 | D:2      | Reached skill level 5 in Fighting
  2655 | D:2      | You fall through a shaft!
  2725 | D:3      | Noticed a phantom
  2741 | D:3      | HP: 18/42 [phantom (5)]
  2746 | D:3      | HP: 18/42 [phantom (1)]
  2769 | D:3      | HP: 12/42 [phantom (9)]
  3177 | D:2      | Found a basalt altar of Yredelemnul.
  3293 | D:2      | Found a white marble altar of Elyvilon.
  3420 | D:3      | Reached XP level 5. HP: 44/48 MP: 7/7
  3558 | D:3      | Reached skill level 1 in Armour
  4035 | D:3      | HP: 20/48 [phantom (10)]
  4057 | D:3      | HP: 11/48 [phantom (4)]
  4086 | D:3      | HP: 14/48 [phantom (1)]
  4095 | D:3      | HP: 7/48 [phantom (9)]
  4109 | D:3      | Killed a phantom
  4109 | D:3      | Reached skill level 3 in Axes
  4109 | D:3      | Reached XP level 6. HP: 10/56 MP: 0/8
  4702 | D:4      | HP: 27/56 [worker ant (6)]
  4703 | D:4      | Reached skill level 4 in Axes
  4709 | D:4      | HP: 26/56 [poisoned by a worker ant]
  4716 | D:4      | HP: 25/56 [poisoned by a worker ant]
  4724 | D:4      | HP: 24/56 [poisoned by a worker ant]
  5022 | D:4      | HP: 28/56 [poisoned by a scorpion]
  5028 | D:4      | HP: 26/56 [poisoned by a scorpion]
  5034 | D:4      | HP: 25/56 [poisoned by a scorpion]
  5042 | D:4      | HP: 25/56 [poisoned by a scorpion]
  5227 | D:4      | Noticed Duvessa
  5229 | D:4      | Noticed Dowan
  5446 | D:4      | HP: 25/56 [Duvessa/rapier of speed (5)]
  5677 | D:4      | Reached skill level 5 in Axes
  5887 | D:4      | HP: 24/56 [centaur (6)]
  5894 | D:4      | HP: 15/56 [centaur (2)]
  5896 | D:4      | Reached skill level 6 in Axes
  6240 | D:4      | Reached XP level 7. HP: 60/61 MP: 9/9
  6289 | D:4      | Noticed Sigmund
  6310 | D:4      | Killed Sigmund
  6526 | D:4      | Found an ornate altar of the Wu Jian Council.
  6819 | D:4      | Killed Dowan
  6819 | D:4      | Reached skill level 7 in Axes
  6949 | D:4      | HP: 28/63 [Duvessa/rapier of speed (8)]
  6951 | D:4      | Killed Duvessa
  7225 | D:4      | Noticed Ijyb
  7250 | D:4      | Killed Ijyb
  7332 | D:5      | Entered Level 5 of the Dungeon
  7516 | D:5      | Reached skill level 8 in Axes
  7516 | D:5      | Reached XP level 8. HP: 43/71 MP: 10/10
  7735 | D:5      | Noticed Monsterracer's ghost (novice GnIE)
  7742 | D:6      | Found a glowing drain.
  7760 | Sewer    | Entered a sewer
  7944 | Sewer    | HP: 30/71 [crocodile (10)]
  7952 | Sewer    | HP: 21/71 [crocodile (11)]
  8495 | D:5      | Found a shadowy altar of Dithmenos.
  8839 | D:5      | HP: 35/71 [Monsterracer's ghost/Freeze (16)]
  9234 | D:5      | Reached skill level 9 in Axes
  9491 | D:6      | HP: 35/73 [gnoll sergeant/spear (4)]
  9499 | D:6      | HP: 31/73 [gnoll sergeant/spear (1)]
  9984 | D:6      | Found a glowing golden altar of the Shining One.
 10351 | D:7      | Found a staircase to the Ecumenical Temple.
 10360 | Temple   | Entered the Ecumenical Temple
 10378 | Temple   | HP: 36/73 [wight/enchanted short sword (4)]
 10383 | Temple   | Reached skill level 10 in Axes
 10675 | Temple   | Became a worshipper of Makhleb the Destroyer
 10745 | D:7      | Reached XP level 9. HP: 68/80 MP: 11/11
 10807 | D:7      | Reached skill level 1 in Invocations
 10879 | D:7      | HP: 38/80 [killer bee (5)]
 10883 | D:7      | Reached skill level 5 in Armour
 10884 | D:7      | HP: 27/80 [killer bee (2)]
 10889 | D:7      | HP: 18/80 [killer bee (6)]
 10894 | D:7      | HP: 8/120 [killer bee (6)]
 10895 | D:7      | HP: 2/120 [killer bee (6)]
 10900 | D:7      | Slain by a killer bee

Vault maps used:
D:1:      dpeg_arrival_tiny_c, minmay_misc_feat_roman
D:2:      kennysheep_ying_yang, lemuel_round_altar, lemuel_round_altar,
          kennysheep_generic_room_14, uniq_robin
D:3:      first_bread, minmay_crystal_room
D:4:      lemuel_crystal_altar, uniq_duvessa, uniq_ijyb, uniq_sigmund
D:5:      old_standard_altar, lightli_corner_chamber
D:6:      nicolae_tso_carved_into_rock, cheibrodos_sewer_entry_sluice,
          st_stairs_8
D:7:      minmay_temple_entry_junction
Temple:   jpeg_temple_island
Sewer:    sewer_the_crocodile

Skill      XL: |  1  2  3  4  5  6  7  8  9 |
---------------+----------------------------+-----
Fighting       | 1 3 4 5 6 7 |  7.7
Armour         | 1 3 4 5 |  5.0
Axes           | 3 6 8 10 | 10.3
Invocations    | 1 |  1.5
Dodging        | |  1.5
Stealth        | |  1.5
Spellcasting   | |  1.5
Transmutations | |  0.6
Earth Magic    | |  3.0

Action                   |  1- 3 |  4- 6 |  7- 9 || total
-------------------------+-------+-------+-------++-------
Melee: Short sword       |    48 |       |       ||    48
       Unarmed           |     4 |       |       ||     4
       Spear             |    46 |    76 |       ||   122
       Hand axe          |       |    89 |   355 ||   444
       Flail             |       |       |     3 ||     3
 Cast: Sandblast         |    31 |    67 |       ||    98
  Use: Scroll            |       |     8 |     6 ||    14
       Potion            |       |       |     5 ||     5
 Stab: Sleeping          |     2 |     3 |       ||     5
  Eat: Chunk             |     4 |     3 |    12 ||    19
       Bread ration      |       |     3 |       ||     3
       Royal jelly       |       |       |     1 ||     1
Armor: Robe              |     9 |    26 |       ||    35
       Scale mail        |       |    31 |   131 ||   162
       Skin              |       |       |     8 ||     8
Dodge: Dodged            |    65 |   107 |   275 ||   447

Table legend:
 A = Spawn XP
 B = Non-spawn XP
 C = Spawn XP percentage of total XP
 D = Spawn monster count
 E = Non-spawn monster count
 F = Spawn count percentage of total count
 G = Total turns spent on level
                    A         B        C        D         E        F      G
               +---------+---------+-------+---------+---------+-------+---------
         Total |       0 |    2641 |   0.0 |       0 |     125 |   0.0 | 10900
               +---------+---------+-------+---------+---------+-------+---------
           D:1 |       0 |      49 |   0.0 |       0 |      23 |   0.0 |  1584
           D:2 |       0 |     109 |   0.0 |       0 |      39 |   0.0 |  1543
           D:3 |       0 |     179 |   0.0 |       0 |      11 |   0.0 |  2022
           D:4 |       0 |     798 |   0.0 |       0 |      13 |   0.0 |  2407
           D:5 |       0 |     512 |   0.0 |       0 |      14 |   0.0 |  1346
           D:6 |       0 |     281 |   0.0 |       0 |      10 |   0.0 |   943
           D:7 |       0 |     297 |   0.0 |       0 |       5 |   0.0 |   222
        Temple |       0 |     296 |   0.0 |       0 |       4 |   0.0 |   346
         Sewer |       0 |     120 |   0.0 |       0 |       6 |   0.0 |   487
               +---------+---------+-------+---------+---------+-------+---------

Vault maps used:
D:1:      dpeg_arrival_tiny_c, minmay_misc_feat_roman
D:2:      kennysheep_ying_yang, lemuel_round_altar, lemuel_round_altar,
          kennysheep_generic_room_14, uniq_robin
D:3:      first_bread, minmay_crystal_room
D:4:      lemuel_crystal_altar, uniq_duvessa, uniq_ijyb, uniq_sigmund
D:5:      old_standard_altar, lightli_corner_chamber
D:6:      nicolae_tso_carved_into_rock, cheibrodos_sewer_entry_sluice,
          st_stairs_8
D:7:      minmay_temple_entry_junction
Temple:   jpeg_temple_island
Sewer:    sewer_the_crocodile
